[Event "Djerba Festival Blitz 2025"]
[Site "Djerba"]
[Date "2025.02.21"]
[Round "4.30"]
[White "Badya, Vasily"]
[Black "Charfeddine, Khaled"]
[Result "1-0"]
[ECO "B30"]
[WhiteElo "1765"]
[BlackElo "1908"]
[PlyCount "65"]
[EventDate "2025.02.15"]
[EventType "swiss"]
[EventCountry "TUN"]
[TimeControl "180+3"]

1. e4 c5 2. Nf3 Nc6 3. Bb5 Nd4 4. Nxd4 cxd4 5. Bc4 e6 6. O-O g6 7. d3 Bg7 8. Nd2 Ne7 9. Nf3 O-O 10. Bf4 d6 11. e5 Nc6 12. exd6 e5 13. Bg5 Qxd6 14. Qd2 Re8 15. Rfe1 Be6 16. Bb5 Bg4 17. Bxc6 bxc6 18. Nh4 f6 19. Bh6 Rab8 20. Bxg7 Kxg7 21. b3 g5 22. h3 Bh5 23. Nf5+ Kh8 24. Nxd6 Re6 25. Nf5 Bg6 26. Ng3 Rbe8 27. a4 h5 28. Ne4 Bxe4 29. Rxe4 Kg7 30. Rae1 Kg6 31. g3 R8e7 32. f4 gxf4 33. gxf4 1-0

[Event "Djerba Festival Blitz 2025"]
[Site "Djerba"]
[Date "2025.02.21"]
[Round "4.31"]
[White "Rene, Benoit"]
[Black "Mallah, Abderrahmane"]
[Result "1-0"]
[ECO "A36"]
[WhiteElo "2108"]
[BlackElo "1556"]
[PlyCount "67"]
[EventDate "2025.02.15"]
[EventType "swiss"]
[EventCountry "TUN"]
[TimeControl "180+3"]

1. c4 Nf6 2. g3 g6 3. Bg2 Bg7 4. Nc3 d6 5. e4 c5 6. Nge2 Nc6 7. O-O O-O 8. d3 a6 9. a3 e5 10. h3 Be6 11. Nd5 Nd4 12. Nxd4 exd4 13. b4 b6 14. Rb1 Rb8 15. Bg5 h6 16. Nxf6+ Bxf6 17. Bxh6 Bg7 18. Qd2 Qd7 19. Kh2 Rfe8 20. Bxg7 Kxg7 21. f4 Rh8 22. f5 gxf5 23. Qg5+ Kf8 24. exf5 Qc8 25. fxe6 Qxe6 26. Rbe1 Qd7 27. Re4 Re8 28. Rxe8+ Kxe8 29. Qf5 Qe7 30. Rf4 Kd8 31. Re4 Qc7 32. Qf6+ Kc8 33. Qxh8+ Kb7 34. Re7+ 1-0

[Event "Djerba Festival Blitz 2025"]
[Site "Djerba"]
[Date "2025.02.21"]
[Round "4.32"]
[White "Alonso Garuti, Luis Eugenio"]
[Black "Chartier, Romain"]
[Result "1-0"]
[ECO "B13"]
[WhiteElo "1845"]
[BlackElo "1581"]
[PlyCount "47"]
[EventDate "2025.02.15"]
[EventType "swiss"]
[EventCountry "TUN"]
[TimeControl "180+3"]

1. e4 c6 2. Nf3 d5 3. exd5 cxd5 4. d4 Nc6 5. c4 Nf6 6. Nc3 Bg4 7. Qb3 Qb6 8. cxd5 Qxb3 9. axb3 Nb4 10. Bb5+ Bd7 11. O-O Nbxd5 12. Bxd7+ Kxd7 13. Re1 e6 14. Ne5+ Ke7 15. g4 g6 16. g5 Nh5 17. Nxd5+ exd5 18. Nxg6+ Kd6 19. Nxh8 Bg7 20. Nxf7+ Kc6 21. Ne5+ Kb5 22. Bd2 Rf8 23. Ra5+ Kb6 24. Nd7+ 1-0

[Event "Djerba Festival Blitz 2025"]
[Site "Djerba"]
[Date "2025.02.21"]
[Round "4.33"]
[White "Mallah, Mohamed Khalil"]
[Black "El Kadi, Ismael"]
[Result "0-1"]
[ECO "A05"]
[WhiteElo "1499"]
[BlackElo "1852"]
[PlyCount "65"]
[EventDate "2025.02.15"]
[EventType "swiss"]
[EventCountry "TUN"]
[TimeControl "180+3"]

1. e4 c5 2. Nf3 d6 3. g3 g6 4. Bg2 Bg7 5. d3 Nf6 6. O-O O-O 7. Nbd2 Nc6 8. c3 e5 9. Re1 Ng4 10. h3 Nh6 11. Nf1 f5 12. a4 fxe4 13. dxe4 Be6 14. Bg5 Qd7 15. Kh2 Nf7 16. Bd2 Rad8 17. Ne3 Bh6 18. Nd5 Bxd5 19. exd5 Ne7 20. c4 Bxd2 21. Qxd2 Nf5 22. g4 Nd4 23. Nxd4 exd4 24. a5 Ne5 25. b4 b6 26. axb6 axb6 27. bxc5 bxc5 28. Rec1 Qf7 29. Kg1 Rde8 30. Ra6 Qf6 31. Rb1 Rb8 32. Rxb8 Rxb8 33. Ra8 0-1

[Event "Djerba Festival Blitz 2025"]
[Site "Djerba"]
[Date "2025.02.21"]
[Round "4.34"]
[White "Ben Mbarek, Mohamed"]
[Black "Minde, Timothe"]
[Result "1-0"]
[ECO "A05"]
[WhiteElo "1570"]
[BlackElo "1879"]
[PlyCount "53"]
[EventDate "2025.02.15"]
[EventType "swiss"]
[EventCountry "TUN"]
[TimeControl "180+3"]

1. Nf3 c5 2. g3 g6 3. Bg2 Bg7 4. O-O Nf6 5. d3 O-O 6. e4 d6 7. Nbd2 Nc6 8. a4 a6 9. Nc4 Be6 10. Ng5 Bxc4 11. dxc4 h6 12. Nf3 Nxe4 13. Re1 Nf6 14. Bf4 Nh5 15. Be3 Bxb2 16. Bxh6 Bg7 17. Bxg7 Nxg7 18. Rb1 Rb8 19. Re4 Qa5 20. Ng5 Nd4 21. Qg4 f6 22. Nh3 f5 23. Qxg6 fxe4 24. Ng5 Ne2+ 25. Kh1 Nxg3+ 26. hxg3 Rxf2 27. Qh7+ {[%emt 0:00:00] Kh8 Qxh8} 1-0

[Event "Djerba Festival Blitz 2025"]
[Site "Djerba"]
[Date "2025.02.21"]
[Round "4.35"]
[White "Fengal, Zineddine"]
[Black "Chargui, Saleh"]
[Result "1/2-1/2"]
[ECO "D02"]
[WhiteElo "1439"]
[BlackElo "1709"]
[PlyCount "72"]
[EventDate "2025.02.15"]
[EventType "swiss"]
[EventCountry "TUN"]
[TimeControl "180+3"]

1. d4 d5 2. Nf3 Nf6 3. Bf4 Bf5 4. e3 e6 5. Bd3 Bxd3 6. Qxd3 Nbd7 7. c3 a6 8. Nbd2 c5 9. h3 Rc8 10. O-O Be7 11. Rfe1 O-O 12. Ne5 c4 13. Qc2 Nxe5 14. Bxe5 Bd6 15. Nf3 b5 16. a3 Ne4 17. Bxd6 Qxd6 18. Nd2 f5 19. f3 Ng3 20. e4 fxe4 21. fxe4 Qf4 22. Nf3 Nxe4 23. a4 Qg3 24. axb5 Rxf3 25. Re2 axb5 26. Ra6 Rcf8 27. Ra1 Rf2 28. Rxf2 Rxf2 29. Ra8+ Kf7 30. Qxf2+ Qxf2+ 31. Kh2 Qxb2 32. Ra7+ Kg6 33. Re7 Kf6 34. Ra7 Qxc3 35. Rb7 b4 36. Rb6 b3 1/2-1/2

[Event "Djerba Festival Blitz 2025"]
[Site "Djerba"]
[Date "2025.02.21"]
[Round "4.38"]
[White "Farouz, Paul"]
[Black "McDonald, Margaret"]
[Result "1-0"]
[ECO "C29"]
[WhiteElo "1680"]
[BlackElo "1404"]
[PlyCount "47"]
[EventDate "2025.02.15"]
[EventType "swiss"]
[EventCountry "TUN"]
[TimeControl "180+3"]

1. e4 e5 2. Nc3 Nf6 3. f4 d5 4. fxe5 Nxe4 5. Qf3 Nxc3 6. bxc3 Nc6 7. Bb5 Be7 8. Ne2 O-O 9. Bxc6 bxc6 10. O-O Be6 11. d3 c5 12. Nf4 Bg4 13. Qxg4 c4 14. d4 c5 15. Be3 cxd4 16. cxd4 c3 17. Nh5 g6 18. Bh6 f5 19. exf6 Rxf6 20. Nxf6+ Bxf6 21. Qe6+ Kh8 22. Rxf6 Qxf6 23. Qxf6+ Kg8 24. Qf5 1-0

[Event "Djerba Festival Blitz 2025"]
[Site "Djerba"]
[Date "2025.02.21"]
[Round "4.40"]
[White "Mathanchandaran, Dev"]
[Black "Guinet, Andy"]
[Result "0-1"]
[ECO "B04"]
[WhiteElo "1650"]
[BlackElo "1665"]
[PlyCount "48"]
[EventDate "2025.02.15"]
[EventType "swiss"]
[EventCountry "TUN"]
[TimeControl "180+3"]

1. e4 Nf6 2. e5 Nd5 3. c4 Nb6 4. d4 d6 5. exd6 cxd6 6. Nc3 g6 7. Nf3 Bg7 8. Be3 O-O 9. Be2 Bf5 10. h4 Nc6 11. h5 e5 12. hxg6 fxg6 13. dxe5 dxe5 14. Qb3 Kh8 15. Ng5 h5 16. Bxh5 Bh6 17. Be2 Kg7 18. Ne6+ Bxe6 19. Bxh6+ Kf7 20. Bxf8 Qxf8 21. Ne4 Nd4 22. Qc3 Nxe2 23. Kxe2 Bxc4+ 24. Ke3 Nd5+ 0-1

[Event "Djerba Festival Blitz 2025"]
[Site "Djerba"]
[Date "2025.02.21"]
[Round "4.41"]
[White "Khider, Amilia"]
[Black "Guinet, Stephane"]
[Result "1-0"]
[ECO "B01"]
[WhiteElo "1524"]
[BlackElo "1617"]
[PlyCount "21"]
[EventDate "2025.02.15"]
[EventType "swiss"]
[EventCountry "TUN"]
[TimeControl "180+3"]

1. e4 Nf6 2. Nc3 d5 3. exd5 Nxd5 4. Nxd5 Qxd5 5. d4 Nc6 6. Nf3 g6 7. Be2 Bg7 8. c3 O-O 9. O-O e5 10. dxe5 Nxe5 11. Qxd5 1-0

[Event "Djerba Festival Blitz 2025"]
[Site "Djerba"]
[Date "2025.02.21"]
[Round "4.44"]
[White "Benzarti, Thabet"]
[Black "Doucet, Paul-Loup"]
[Result "1-0"]
[ECO "D37"]
[WhiteElo "1664"]
[BlackElo "1503"]
[PlyCount "38"]
[EventDate "2025.02.15"]
[EventType "swiss"]
[EventCountry "TUN"]
[TimeControl "180+3"]

1. d4 d5 2. c4 e6 3. Nc3 Nf6 4. Nf3 Nbd7 5. e3 Be7 6. Qc2 O-O 7. Bd3 dxc4 8. Bxc4 Nb6 9. Bd3 c5 10. dxc5 Bxc5 11. Ne4 Nxe4 12. Bxe4 Bb4+ 13. Bd2 Bxd2+ 14. Nxd2 h6 15. O-O Bd7 16. Bxb7 Rb8 17. Bf3 Rc8 18. Qd3 Bc6 19. Qe2 Bxf3 1-0